 Dungeon Crawl Stone Soup version 0.20.0-15-g7f486f2 (webtiles) character file.

60 Mysteryquy the Insei (level 3, -8/28 HPs)
             Began as a Draconian Transmuter on June 16, 2017.
             Was an Initiate of Ru.
             Killed by nerve-wracking pain
             ... invoked by an orc priest
              (14 damage)
             ... on level 3 of the Dungeon.
             The game lasted 00:03:04 (1493 turns).

Mysteryquy the Insei (Draconian Transmuter)         Turns: 1493, Time: 00:03:04

Health: -8/28      AC:  5    Str: 12    XL:     3   Next: 82%
Magic:  6/6        EV: 12    Int: 13    God:    Ru [......]
Gold:   119        SH:  0    Dex: 12    Spells: 5/6 levels left

rFire    . . .     SeeInvis .     - Unarmed
rCold    . . .     Gourm    .   (no shield)
rNeg     . . .     Faith    .   (armour unavailable)
rPois    .         Spirit   .   (helmet restricted)
rElec    .         Reflect  .   (no cloak)
rCorr    .         Harm     .   (no gloves)
MR       .....                  (no boots)
Stlth    +.........             (no amulet)
Regen    0.1/turn               (no ring)
MPRegen  0.1/turn               (no ring)

@: no status effects
A: unfitting armour, cold-blooded, AC +5
a: Renounce Religion


You were on level 3 of the Dungeon.
You worshipped Ru.
Ru was noncommittal.
You were not hungry.

You visited 1 branch of the dungeon, and saw 3 of its levels.

You collected 119 gold pieces.

Inventory:

Missiles
 a - 39 arrows
Armour
 r - a +0 plate armour
Jewellery
 g - an uncursed ring of magical power {unknown}
 p - a +5 ring of strength {unknown}
Scrolls
 e - a scroll of recharging {unknown}
 f - a scroll of enchant weapon {unknown}
 j - a scroll of random uselessness {unknown}
 m - a scroll of identify {unknown}
 n - a scroll of immolation {unknown}
 o - 2 scrolls of amnesia {unknown}
 q - a scroll of teleportation {unknown}
Potions
 d - 3 potions of lignification {unknown}
 h - a potion of curing {unknown}
 i - a potion of flight {unknown}
 k - a potion of invisibility {unknown}
 l - a potion of heal wounds {unknown}
 s - a potion of haste {unknown}
Books
 b - a book of Changes

   Spells                             Type                      Level
   a - Beastly Appendage              Transmutation                1
   b - Sticks to Snakes               Transmutation                2
   c - Spider Form                    Transmutation/Poison         3
   d - Ice Form                       Ice/Transmutation            4
   e - Blade Hands                    Transmutation                5
Comestibles
 c - a bread ration


   Skills:
 + Level 1.3 Fighting
 + Level 2.0 Dodging
 + Level 0.6 Stealth
 + Level 4.3 Unarmed Combat
 + Level 2.1 Spellcasting
 + Level 2.0 Transmutations


You had 5 spell levels left.
You knew the following spells:

 Your Spells              Type           Power        Failure   Level  Hunger
a - Beastly Appendage     Tmut           #.....       11%         1    ##.....


Dungeon Overview and Level Annotations

Branches:
Dungeon (3/15)

Altars:
Fedhas
Ru


Innate Abilities, Weirdness & Mutations

Your plain brown scales are hard. (AC +5)
You cannot fit into any form of body armour.
You are cold-blooded and may be slowed by cold attacks.


Message History

The orc is moderately wounded.
The orc priest hits you with a club. The orc misses you.
You punch the orc!
You kill the orc!
The orc priest hits you with a club.
You are too injured to fight recklessly!
The orc priest looks satisfied for a moment.
Found a robe.
You see here a scroll labeled PAIROR FYAH.
The orc priest miscasts a cantrip.
The orc priest begins to cast a cantrip, but forgets the words!
The orc priest begins to cast a cantrip, but forgets the words!
The orc priest calls down the wrath of Beogh upon you.
Beogh smites you!
* * * LOW HITPOINT WARNING * * *
There is an open door here.
The orc priest invokes the aid of Beogh against you.
Pain shoots through your body!
Ouch! That really hurt!
You die...

#..<...[..# #......#
#.........# #......#
#.........# #......#
#.........# #......#
#.........# #......#
#.........###......######
###......................
###..############.#######
................@...>....
..............#.÷.......
###......###...†.....####
.........†.o.....[...#
###.......o#.........#
..#........#.........#
...........#...........
...........####...##.###
.....####..# ##..# .#


You could see 2 orc priests.

Vanquished Creatures
  3 dart slugs
  2 leopard geckos (D:2)
  2 orcs
  2 ball pythons
  A giant cockroach (D:1)
  5 hobgoblins
  4 jackals (D:2)
  6 kobolds
  A quokka (D:2)
  6 bats
  7 frilled lizards
  6 goblins
  3 rats
48 creatures vanquished.

Notes
Turn   | Place    | Note
-------+----------+-------------------------------------------
     0 | D:1      | Mysteryquy the Draconian Transmuter began the quest for the Orb.
     0 | D:1      | Reached XP level 1. HP: 16/16 MP: 3/3
   272 | D:1      | Reached XP level 2. HP: 23/23 MP: 5/5
   797 | D:1      | You fall through a shaft!
   901 | D:2      | Reached XP level 3. HP: 18/28 MP: 6/6
   916 | D:2      | Reached skill level 4 in Unarmed Combat
  1183 | D:2      | Found a blossoming altar of Fedhas.
  1290 | D:2      | Found a sacrificial altar of Ru.
  1301 | D:2      | Became a worshipper of Ru the Awakened
  1493 | D:3      | Killed from afar by an orc priest

Skill      XL: |  1  2  3 |
---------------+----------+-----
Dodging        | 2 |  2.0
Unarmed Combat | 4 |  4.3
Fighting       | |  1.3
Stealth        | |  0.6
Spellcasting   | |  2.1
Transmutations | |  2.0

Action                   || total
-------------------------++-------
Melee: Unarmed           ||   166
       Tailslap          ||    18
       Punch             ||     1
 Stab: Sleeping          ||     3
  Eat: Chunk             ||     2
Armor: Skin              ||    50
Dodge: Dodged            ||   101
